 Dungeon Crawl Stone Soup version 0.25-a0-73-g9796ba8d15 (webtiles) character file.

Game seed: 670398698539075943, levelgen mode: deterministic

68 Roikka the Caller (level 4, 0/32 HPs)
             Began as a Barachi Summoner on Nov 6, 2019.
             Slain by a quokka (4 damage)
             ... on level 3 of the Dungeon.
             The game lasted 00:06:16 (2261 turns).

Roikka the Caller (Barachi Summoner)                Turns: 2261, Time: 00:06:17

Health: 0/32       AC:  0    Str:  9    XL:     4   Next: 19%
Magic:  4/8        EV: 13    Int: 16    God:
Gold:   194        SH:  0    Dex: 13    Spells: 3/9 levels left

rFire    . . .     SeeInvis .   f - +0 whip
rCold    . . .     Gourm    .   (no shield)
rNeg     . . .     Faith    .   (no armour)
rPois    .         Spirit   .   (no helmet)
rElec    .         Reflect  .   (no cloak)
rCorr    .         Harm     .   (no gloves)
MR       .....                  (no boots)
Stlth    ++........             (no amulet)
HPRegen  0.10/turn              (no ring)
MPRegen  0.11/turn              (no ring)

@: slow
A: +LOS, swims, slowness 1, strong legs 1
a: Hop


You were on level 3 of the Dungeon.
You were hungry.

You visited 1 branch of the dungeon, and saw 3 of its levels.

You collected 194 gold pieces.

Inventory:

Hand Weapons
 f - a +0 whip (weapon)
Armour
 a - a +0 robe
 l - a +2 scale mail of cold resistance
Jewellery
 g - an uncursed ring of fire {unknown}
Wands
 p - a wand of acid (9)
Scrolls
 b - 2 scrolls of enchant weapon {unknown}
 d - a scroll of fog {unknown}
 i - 2 scrolls of identify {unknown}
 j - a scroll of teleportation {unknown}
 m - a scroll of remove curse {unknown}
 n - a scroll of random uselessness {unknown}
Potions
 e - a potion of cancellation {unknown}
 h - a potion of curing {unknown}
 k - a potion of agility {unknown}
Comestibles
 c - 4 rations
 o - a chunk of flesh


   Skills:
 + Level 1.3 Fighting
 - Level 3.2 Dodging
 - Level 1.7 Stealth
 + Level 3.0 Spellcasting
 + Level 5.4 Summonings


You had 3 spell levels left.
You knew the following spells:

 Your Spells              Type           Power        Failure   Level  Hunger
a - Summon Small Mammal   Summ           ###.         1%          1    #......
b - Call Imp              Summ           ###.....     3%          2    ##.....
c - Call Canine Familiar  Summ           ###.....     6%          3    ###....

Your spell library contained the following spells:

 Spells                   Type           Power        Failure   Level  Hunger
 Summon Guardian Golem    Hex/Summ       ##......     19%         3    ###....
 Summon Ice Beast         Ice/Summ       ##......     52%         4    #####..
 Summon Lightning Spire   Summ/Air       ##......     52%         4    #####..


Dungeon Overview and Level Annotations

Branches:
Dungeon (3/15)

Altars:


Innate Abilities, Weirdness & Mutations

Shadows flee at your approach. (+LOS)
You can swim through water.
You cover ground slowly.
You can hop short distances.


Message History

The orc hits your iron imp with a +0 short sword.
You closely miss the orc.
The orc is severely wounded.
The quokka bites you.
* * * LOW HITPOINT WARNING * * *
Your iron imp barely misses the orc.
Your shadow imp barely misses the quokka.
The orc closely misses you.
You barely miss the orc.
The orc is severely wounded.
The quokka barely misses you.
Your shadow imp closely misses the quokka.
The quokka bites you.
* * * LOW HITPOINT WARNING * * *
The orc barely misses you.
Your iron imp closely misses the orc.
You barely miss the orc.
The orc is severely wounded.
Your shadow imp closely misses the quokka.
The quokka bites you.
You die...

#...# ........#
#....
........####...##
......... ...o.
........## #...#
) .....†...# ...#
.# ..## ########
.# ..


You could see an orc, a quokka, a friendly iron imp and a friendly shadow imp.

Vanquished Creatures
  Terence (D:2)
  A dart slug (D:1)
  A bat (D:1)
  2 goblins
  A kobold (D:2)
  A frilled lizard (D:2)
  4 rats
11 creatures vanquished.

Vanquished Creatures (collateral kills)
  2 adders (D:2)
  2 oozes
  A worm (D:3)
  A dart slug (D:1)
  2 leopard geckos
  4 bats
  A giant cockroach (D:1)
  2 goblins
  2 hobgoblins
  3 jackals (D:1)
  5 kobolds
  A frilled lizard (D:2)
26 creatures vanquished.

Grand Total: 37 creatures vanquished

Notes
Turn   | Place    | Note
-------+----------+-------------------------------------------
     0 | D:1      | Roikka the Barachi Summoner began the quest for the Orb.
     0 | D:1      | Reached XP level 1. HP: 13/13 MP: 3/3
     0 | D:1      | Noticed an ice dragon
     0 | D:1      | Noticed a large abomination
     0 | D:1      | Noticed an ice dragon
     2 | D:1      | Noticed a shadow dragon
     2 | D:1      | Noticed a shadow dragon
     4 | D:1      | Noticed a purple draconian
     5 | D:1      | Noticed an iron dragon
     7 | D:1      | Noticed a yellow draconian
     8 | D:1      | Noticed an ice dragon
    10 | D:1      | Noticed a yellow draconian
    12 | D:1      | Noticed an orb of fire
    12 | D:1      | Noticed an ice dragon
    14 | D:1      | Noticed a tentacled monstrosity
    14 | D:1      | Noticed an ice dragon
    16 | D:1      | Noticed an iron dragon
    16 | D:1      | Noticed an orb of fire
    16 | D:1      | Noticed a white draconian
   542 | D:1      | Reached skill level 5 in Summonings
   542 | D:1      | Reached XP level 2. HP: 9/19 MP: 3/5
   549 | D:1      | Learned a level 2 spell: Call Imp
  1499 | D:2      | Reached XP level 3. HP: 23/25 MP: 3/6
  1520 | D:2      | Learned a level 3 spell: Call Canine Familiar
  1768 | D:2      | Noticed Terence
  1823 | D:2      | Killed Terence
  1823 | D:2      | Reached skill level 1 in Fighting
  1846 | D:2      | Reached XP level 4. HP: 27/32 MP: 6/8
  2261 | D:3      | Slain by a quokka

Levels and vault maps discovered:
D:1:      shiori_arrival_whats_in_store_for_you, layout_basic
D:2:      layout_basic, uniq_terence
D:3:      layout_rooms, first_ration, uniq_ijyb, uniq_jessica, uniq_robin,
          uniq_crazy_yiuf_cottage

Skill      XL: |  1  2  3  4 |
---------------+-------------+-----
Summonings     | 5 |  5.4
Fighting       | 1 |  1.3
Dodging        | 3 |  3.2
Spellcasting   | 3 |  3.0
Stealth        | |  1.7

Action                   |  1- 3 |  4- 6 || total
-------------------------+-------+-------++-------
Melee: Whip              |    52 |    17 ||    69
 Cast: Summon Small Mamm |    24 |     4 ||    28
       Call Imp          |     6 |     3 ||     9
 Stab: Sleeping          |     2 |       ||     2
  Eat: Chunk             |     4 |     1 ||     5
Armor: Robe              |    14 |       ||    14
Dodge: Dodged            |    44 |    19 ||    63

Table legend:
 A = Non-vault XP
 B = Vault XP
 C = Vault XP percentage of total XP
 D = Non-vault monster count
 E = Vault monster count
 F = Vault count percentage of total count
                 A         B        C        D         E       F
            +---------+---------+-------+---------+---------+-------
      Total |      68 |      30 |  30.6 |      36 |       1 |   2.7
            +---------+---------+-------+---------+---------+-------
        D:1 |      23 |       0 |   0.0 |      15 |       0 |   0.0
        D:2 |      35 |      30 |  46.2 |      16 |       1 |   5.9
        D:3 |      10 |       0 |   0.0 |       5 |       0 |   0.0
            +---------+---------+-------+---------+---------+-------
